 Dungeon Crawl Stone Soup version 0.30.1-3-gfc49f6343a (webtiles) character file.

Game seed: 9889714517487025912

110875 Cheops the Brawler (level 16, -6/162 HPs)
             Began as a Troll Fighter on Aug 1, 2023.
             Was the Champion of Wu Jian.
             Succumbed to a redback's poison
             ... on level 2 of the Spider Nest on Aug 2, 2023.
             The game lasted 02:17:25 (43047 turns).

Cheops the Brawler (Troll Fighter)                 Turns: 43047, Time: 02:17:25

Health: -6/162     AC:  7    Str: 30    XL:     16   Next: 8%
Magic:  19/19      EV:  9    Int: 10    God:    Wu Jian [******]
Gold:   732        SH: 20    Dex:  9    Spells: 1/20 levels left

rFire   . .          .
                       - Unarmed
rCold   . . .        b - +4 kite shield
rNeg    . . .        Q - +6 troll leather armour of Plasticity {Regen+ Str+2}
rPois   +            (helmet restricted)
rElec   .            G - +2 cloak of the Thief {*Fog Slay-2 SInv Stlth+}
rCorr   .            (gloves unavailable)
SInv    +            (boots unavailable)
Will    +....        B - amulet of reflection
Stlth   ++           J - ring of poison resistance
HPRegen 2.07/turn    I - ring of wizardry
MPRegen 0.16/turn

%: reflection, wizardry (x1)
@: mighty, lethally poisoned (-6 -> -37), corroded, attractive
A: large, unfitting armour, claws 3, regeneration 1, shaggy fur 1, tough skin 1
a: Renounce Religion, Wall Jump, Serpent's Lash, Heavenly Storm


You were on level 2 of the Spider Nest.
You worshipped Wu Jian.
Wu Jian was exalted by your worship.
You visited 5 branches of the dungeon, and saw 25 of its levels.
You also visited: Sewer.

You collected 2163 gold pieces.
You spent 1431 gold pieces at shops.

Inventory:

Hand Weapons
 M - the +5 flail of Eternal Vigilance {freeze, Int+3 Dex+3}
   (You found it on level 5 of the Lair of Beasts)

   Int:       It affects your intelligence (+3).
   Dex:       It affects your dexterity (+3).
Armour
 b - a +4 kite shield (worn)
 h - an orb of light
 C - the +1 robe of the Gardener {-Tele rPois Str+6 Archmagi}
   (You found it on level 5 of the Dungeon)

   Str:       It affects your strength (+6).
   rPois:     It protects you from poison.
   -Tele:     It prevents most forms of teleportation.
   Archmagi:  It increases the power of your magical spells.
 G - the +2 cloak of the Thief (worn) {*Fog Slay-2 SInv Stlth+}
   (You acquired it on level 9 of the Dungeon)

   *Fog:      It may release a thick cloud of smoke when the wearer is hurt.
   Slay:      It affects your accuracy & damage with ranged weapons and melee
   (-2).
   SInv:      It lets you see invisible.
   Stlth:     It makes you more stealthy.
 Q - the +6 troll leather armour of Plasticity (worn) {Regen+ Str+2}
   (You bought it in a shop on level 1 of the Orcish Mines)

   Str:       It affects your strength (+2).
   Regen:     It increases your rate of health regeneration.
Jewellery
 a - a ring of flight
 m - a ring of wizardry
 y - a ring of protection from cold
 B - an amulet of reflection (around neck)
 D - a +6 ring of strength
 H - the ring "Curunyam" {rF+ rC- rN+ Will+ SInv}
   (You found it on level 5 of the Lair of Beasts)

   [ring of protection from fire]

   rF:        It protects you from fire.
   rC:        It makes you vulnerable to cold.
   rN:        It protects you from negative energy.
   SInv:      It lets you see invisible.
   Will:      It increases your willpower.
 I - a ring of wizardry (right claw)
 J - a ring of poison resistance (left claw)
 S - a ring of protection from fire
 U - a +6 ring of intelligence
 V - a ring of positive energy
Wands
 r - a wand of quicksilver (12)
 v - a wand of flame (56)
 L - a wand of polymorph (9)
 P - a wand of iceblast (17)
 R - a wand of digging (6)
 X - a wand of paralysis (3)
 Z - a wand of mindburst (6)
Scrolls
 d - 3 scrolls of magic mapping
 e - 3 scrolls of vulnerability
 g - 3 scrolls of torment
 i - 5 scrolls of poison
 j - 2 scrolls of blinking
 l - a scroll of fear
 p - a scroll of enchant armour
 s - 3 scrolls of immolation
 t - 6 scrolls of teleportation
 E - 5 scrolls of fog
 O - 4 scrolls of amnesia
 W - a scroll of butterflies
Potions
 f - 2 potions of invisibility
 k - 6 potions of mutation
 n - 5 potions of attraction
 q - 4 potions of magic
 u - 6 potions of curing
 w - 7 potions of flight
 x - a potion of resistance
 A - 5 potions of berserk rage
 F - 4 potions of haste
 K - 2 potions of heal wounds
 N - 2 potions of ambrosia
 Y - 5 potions of lignification
Miscellaneous
 o - a tin of tremorstones (2/2)
 z - a piece from Xom's chessboard (15/15)


   Skills:
 + Level 11.1 Fighting
 - Level 3.0 Armour
 - Level 2.4 Dodging
 + Level 12.0 Shields
 * Level 19.0 Unarmed Combat
 - Level 2.9 Spellcasting
 - Level 6.0 Transmutations
 - Level 11.0 Earth Magic
 - Level 3.0 Evocations


You had one spell level left.
You knew the following spells:

 Your Spells              Type           Power      Damage    Failure   Level
a - Sandblast             Erth           46%        2d11      1%          1
d - Lee's Rapid Deconstr  Erth           11%        3d8*      6%          5
B - Blade Hands           Tmut           6%         N/A       38%         5
P - Passwall              Tmut/Erth      15%        N/A       1%          2
S - Statue Form           Tmut/Erth      12%        N/A       61%         6

Your spell library contained the following spells:

 Spells                   Type           Power      Damage    Failure   Level
 Kiss of Death            Conj/Necr      4%         2d5       19%         1
 Summon Small Mammal      Summ           4%         N/A       19%         1
 Stone Arrow              Conj/Erth      24%        3d8       6%          3
 Spider Form              Tmut/Pois      7%         N/A       16%         3
 Animate Armour           Summ/Erth      24%        N/A       19%         4
 Leda's Liquefaction      Hex/Erth       6%         N/A       19%         4
 Ignite Poison            Fire/Tmut/Pois 5%         N/A       24%         3
 Cigotuvi's Dreadful Rot  Necr/Pois/Air  2%         N/A       28%         2
 Ensorcelled Hibernation  Hex/Ice        2%         N/A       28%         2
 Ice Form                 Ice/Tmut       7%         N/A       45%         4
 Call Canine Familiar     Summ           1%         N/A       47%         3
 Confusing Touch          Hex            1%         N/A       47%         3
 Dazzling Flash           Conj/Hex       2%         N/A       47%         3
 Frozen Ramparts          Ice            2%         1d1       47%         3
 Gell's Gravitas          Tloc           1%         N/A       47%         3
 Portal Projectile        Hex/Tloc       2%         N/A       47%         3
 Summon Guardian Golem    Hex/Summ       1%         N/A       47%         3
 Teleport Other           Tloc           1%         N/A       47%         3
 Tukima's Dance           Hex            1%         N/A       47%         3
 Volatile Blastmotes      Fire/Tloc      2%         2d10      47%         3
 Anguish                  Hex/Necr       0%         N/A       86%         4
 Dispel Undead            Necr           1%         3d6       86%         4
 Fulminant Prism          Conj/Hex       0%         3d5       86%         4
 Iskenderun's Mystic Bla  Conj/Tloc      1%         2d3       86%         4
 Sticky Flame             Conj/Fire      1%         2d3       86%         4
 Summon Ice Beast         Ice/Summ       1%         N/A       86%         4
 Iron Shot                Conj/Erth      6%         9d2       95%         6
 Freezing Cloud           Conj/Ice/Air   0%         6-21      99%         5
 Death Channel            Necr           0%         N/A       100%        6
 Dispersal                Tloc           0%         N/A       100%        6
 Starburst                Conj/Fire      0%         6d3       100%        6
 Ignition                 Fire           0%         3d3       100%        8
 Lehudib's Crystal Spear  Conj/Erth      6%         10d3      100%        8


Dungeon Overview and Level Annotations

Branches:
Dungeon (15/15)            Temple (1/1) D:6            Lair (5/5) D:10
  Swamp (0/4) Lair:2       Spider (2/4) Lair:3        Slime (0/5) Lair:5
    Orc (2/2) D:12            Elf (0/3) Orc:2        Vaults (0/5) D:13
 Depths (0/4) D:15          Sewer (visited)

Altars:
Ashenzari
Cheibriados
Dithmenos
Elyvilon
Fedhas
Gozag
Hepliaklqana
Kikubaaqudgha
Makhleb
Nemelex Xobeh
Okawaru
Qazlal
Ru
Sif Muna
Trog
Uskayaw
Vehumet
Wu Jian
Xom
Yredelemnul
Zin
The Shining One

Shops:
D:1 [   D:2 (::(   D:6 ?!*   D:12 *   Orc:1 [   Orc:2 !=[:

Portals:
Trove: D:11 (give 8 potions of haste)

Annotations:
Spider:1 Arachne


Innate Abilities, Weirdness & Mutations

You are too large for most types of armour.
You have claws for hands.
Your natural rate of healing is unusually fast.
You are covered in fur. (AC +1)
You have tough skin. (AC +1)


Message History

You feel sick.
The orb spider's many legs skitter faintly.
The orb spider begins to weave its threads into a brightly glowing ball.
The jumping spider leaps!
The entropy weaver is attracted toward you.
The orb spider is attracted toward you.
The jumping spider is attracted toward you.
The redback is attracted toward you.
The jumping spider is attracted toward you.
The orb spider is attracted toward you.
Okay, then.
Blink to where?
Press: ? - help, Dir - move target
As you read the scroll of blinking, it crumbles to dust.
You feel sick. The redback is attracted toward you.
The orb spider is attracted toward you.
The entropy weaver is attracted toward you.
The culicivora is attracted toward you.
The jumping spider is attracted toward you. x2
Blink to where?
Press: ? - help, Dir - move target
Okay, then.
Unknown command.
You feel much better.
You feel sick.
The jumping spider leaps!
You block the entropy weaver's attack. x3
The entropy weaver closely misses you. The redback bites you.
* * * LOW HITPOINT WARNING * * *
You are lethally poisoned!
The redback poisons you! The entropy weaver hits you!
* * * LOW HITPOINT WARNING * * *
The entropy weaver hits you!
* * * LOW HITPOINT WARNING * * *
You block the entropy weaver's attack. The entropy weaver barely misses you.
The orb spider is attracted toward you.
As you read the scroll of fear, it crumbles to dust.
You assume a fearsome visage.
The redback looks frightened!
The orb spider looks frightened!
The jumping spider looks frightened!
The entropy weaver looks frightened!
The orb spider looks frightened!
The culicivora looks frightened!
You die...

. .. ......
...... ...?..#
.#.........###
^..........s@#
#..........Bs# #
.........s##
..^......ss§.##
....#..#§§§....#
........§.§.....#
......§<..§.....#
........^.....#.#
........#....§..#


You could see an entropy weaver (fleeing), 2 orb spiders, a culicivora
(fleeing), a jumping spider (fleeing) and a redback (fleeing).

Vanquished Creatures
  Roxanne (D:15)
  Donald (Spider:1)
  A frost giant (D:15)
  A broodmother (Spider:1)
  A quicksilver ooze (Lair:5)
  The ghost of Cheops the Grappler, a journeyman TrFi of Wu Jian (D:11)
  2 entropy weavers (Spider:1)
  Harold (D:10)
  7 hydras
  An ogre mage (D:15)
  A jorogumo (Spider:1)
  A catoblepas (D:13)
  4 vault guards (D:13)
  4 boulder beetles
  A dancing weapon (D:11)
  9 centaur warriors
  23 death yaks
  6 two-headed ogres
  2 tengu warriors (D:15)
  3 orc high priests (Orc:2)
  3 skysharks (Lair:5)
  A sun moth (Spider:1)
  Lodul (D:11)
  2 goliath frogs (Lair:5)
  3 orb spiders (Spider:1)
  6 orc knights
  A steelbarb worm (Spider:1)
  A wizard (D:14)
  3 deep elf pyromancers
  4 ugly things
  5 orc sorcerers
  2 wolf spiders (Spider:1)
  2 cyclopes
  A moth of wrath (Spider:1)
  4 manticores
  5 elephants (Lair:5)
  3 black mambas
  A torpor snail (Spider:1)
  29 cane toads
  2 demonic crawlers (Spider:1)
  2 rime drakes (Lair:5)
  2 kobold demonologists
  11 komodo dragons
  2 polar bears (Lair:4)
  7 trolls
  A queen bee (shapeshifter) (D:14)
  A troll (shapeshifter) (D:13)
  5 tarantellas
  2 hornets
  21 blink frogs
  10 slime creatures
  4 shadows
  7 culicivoras
  4 jumping spiders (Spider:1)
  2 wraiths
  3 wyverns
  31 yaks
  4 basilisks
  A hog (shapeshifter) (D:15)
  14 vampire mosquitoes
  10 redbacks (Spider:1)
  A steam dragon (D:8)
  2 swamp worms (Lair:2)
  An acid dragon (D:12)
  8 water moccasins
  An ice beast (D:7)
  25 orc warriors
  2 sky beasts
  3 black bears
  15 ogres
  30 wolves
  10 centaurs
  A phantom (D:3)
  11 kobold brigands
  Blork the orc (D:6)
  17 bullfrogs
  3 gnoll sergeants (D:12)
  6 necrophages (Lair:3)
  6 scorpions
  12 wights
  16 killer bees
  2 electric eels
  A howler monkey (D:5)
  3 hounds
  15 orc priests
  11 jellies
  Crazy Yiuf (D:2)
  5 iguanas
  A sleepcap (D:7)
  16 orc wizards
  Natasha (thrice) (D:3)
  A boggart simulacrum (D:15)
  Robin (D:2)
  6 gnolls
  13 adders
  5 river rats
  2 shadow imps (D:6)
  5 white imps
  2 ufetubi (D:6)
  4 worms
  9 dart slugs
  58 orcs
  12 ball pythons
  5 bats
  22 endoplasms
  4 giant cockroaches
  11 goblins
  13 hobgoblins
  6 jackals
  3 quokkas
  5 frilled lizards
  18 kobolds
  12 rats
  A butterfly (Lair:5)
741 creatures vanquished.

Vanquished Creatures (others)
  An angel (D:7)
  A kobold (D:12)
2 creatures vanquished.

Grand Total: 743 creatures vanquished

Notes
Turn   | Place    | Note
-------+----------+-------------------------------------------
     0 | D:1      | Cheops the Troll Fighter began the quest for the Orb.
     0 | D:1      | Reached XP level 1. HP: 22/22 MP: 0/0
    68 | D:1      | Found a faded altar of an unknown god.
   115 | D:1      | Reached XP level 2. HP: 29/29 MP: 1/1
   180 | D:1      | Reached skill level 3 in Unarmed Combat
   347 | D:1      | Reached XP level 3. HP: 9/36 MP: 2/2
   596 | D:1      | Found Cetzu Xats's Armour Boutique.
  1128 | D:2      | Found Louragg's Book Shop.
  1146 | D:2      | Reached skill level 4 in Unarmed Combat
  1274 | D:2      | Found Hiumis's Weapon Shoppe.
  1362 | D:2      | Found Feumoesu's Antique Weapon Shoppe.
  1450 | D:2      | Reached XP level 4. HP: 44/44 MP: 3/3
  1452 | D:2      | Noticed Robin
  1489 | D:2      | Killed Robin
  1547 | D:2      | Found Ekheymi's Book Boutique.
  1758 | D:2      | Found a runed translucent door.
  1759 | D:2      | Noticed Crazy Yiuf
  1764 | D:2      | Killed Crazy Yiuf
  1765 | D:2      | Reached skill level 5 in Unarmed Combat
  1875 | D:3      | Found a glowing drain.
  1914 | D:3      | Reached XP level 5. HP: 50/50 MP: 4/4
  1927 | Sewer    | Entered a sewer
  2027 | Sewer    | Reached skill level 6 in Unarmed Combat
  2130 | Sewer    | Reached XP level 6. HP: 44/59 MP: 5/5
  2796 | D:3      | Found a sparkling altar of Nemelex Xobeh.
  2848 | D:3      | Found a snail-covered altar of Cheibriados.
  3163 | D:3      | Noticed Natasha
  3167 | D:3      | Killed Natasha
  3411 | D:3      | Found a burning altar of Makhleb.
  3551 | D:3      | Noticed Natasha
  3556 | D:3      | Killed Natasha
  3557 | D:3      | Reached skill level 7 in Unarmed Combat
  3577 | D:3      | Found a stormy altar of Qazlal.
  3641 | D:3      | Found a snail-covered altar of Cheibriados.
  3873 | D:3      | Found a sparkling altar of Nemelex Xobeh.
  3992 | D:3      | Noticed Natasha
  3996 | D:3      | Killed Natasha
  4077 | D:3      | Found a burning altar of Makhleb.
  4928 | D:4      | Reached XP level 7. HP: 66/66 MP: 6/6
  4989 | D:4      | Reached skill level 8 in Unarmed Combat
  5212 | D:5      | Entered Level 5 of the Dungeon
  5275 | D:5      | Identified the +1 robe of the Gardener {-Tele rPois Str+6
                  | Archmagi}
  5797 | D:5      | Reached XP level 8. HP: 72/75 MP: 7/7
  6454 | D:6      | Found Wuydolog's Assorted Antiques.
  6477 | D:6      | Reached skill level 9 in Unarmed Combat
  6561 | D:6      | Found a shadowy altar of Dithmenos.
  6589 | D:6      | Found a staircase to the Ecumenical Temple.
  6607 | Temple   | Entered the Ecumenical Temple
  6685 | Temple   | Became a worshipper of the Wu Jian Council
  6727 | D:6      | Found Jioloso's Distillery.
  6741 | D:6      | Found Estrej's Magic Scroll Boutique.
  6834 | D:6      | Noticed Blork the orc
  6845 | D:6      | Killed Blork the orc
  7566 | D:7      | Killed an angel
  7637 | D:7      | Reached skill level 10 in Unarmed Combat
  7802 | D:7      | Found a glowing silver altar of Zin.
  7807 | D:7      | Found a shimmering altar of Xom.
  7876 | D:7      | Learned a level 1 spell: Sandblast
  7959 | D:8      | Reached XP level 9. HP: 85/85 MP: 4/8
  8047 | D:8      | Reached * piety under Wu Jian
  8048 | D:8      | Reached skill level 5 in Shields
  8182 | D:8      | Found a radiant altar of Vehumet.
  8185 | D:8      | Found a bloodstained altar of Trog.
  8222 | D:8      | Found a sacrificial altar of Ru.
  8223 | D:8      | Found a blossoming altar of Fedhas.
  8226 | D:8      | Found an ancient bone altar of Kikubaaqudgha.
  8415 | D:8      | Reached skill level 5 in Fighting
  8682 | D:8      | Learned a level 2 spell: Passwall
  8828 | D:2      | Bought a book of Iron for 360 gold pieces
  8834 | D:2      | Learned a level 5 spell: Blade Hands
  9021 | D:9      | Reached skill level 11 in Unarmed Combat
  9104 | D:9      | Noticed a kobold demonologist
  9108 | D:9      | Killed a kobold demonologist
  9108 | D:9      | Noticed a boulder beetle
  9144 | D:9      | Killed a boulder beetle
  9145 | D:9      | Reached XP level 10. HP: 51/97 MP: 9/9
  9202 | D:9      | Noticed a centaur warrior
  9207 | D:9      | Killed a centaur warrior
  9208 | D:9      | Reached skill level 12 in Unarmed Combat
  9208 | D:9      | Noticed a brown ugly thing
  9213 | D:9      | Killed a brown ugly thing
  9522 | D:9      | Reached ** piety under Wu Jian
  9791 | D:9      | Reached skill level 13 in Unarmed Combat
 10236 | D:9      | Found a hazy altar of Hepliaklqana.
 10324 | D:9      | Identified a scroll of acquirement
 10325 | D:9      | Acquired the +2 cloak of the Thief {*Fog Slay-2 SInv
                  | Stlth+}
 10325 | D:9      | Found the +2 cloak of the Thief {*Fog Slay-2 SInv Stlth+}
 10356 | D:10     | Entered Level 10 of the Dungeon
 10546 | D:10     | Found a staircase to the Lair.
 10623 | D:10     | Noticed a manticore
 10636 | D:10     | Killed a manticore
 10701 | D:10     | Found a white marble altar of Elyvilon.
 10879 | D:10     | Reached XP level 11. HP: 107/107 MP: 10/10
 10909 | D:10     | Noticed Harold
 10936 | D:10     | Killed Harold
 11508 | D:11     | Noticed a two-headed ogre
 11513 | D:11     | Noticed Lodul
 11541 | D:11     | Killed a two-headed ogre
 11548 | D:11     | Killed Lodul
 11552 | D:11     | Reached skill level 14 in Unarmed Combat
 11577 | D:11     | Reached *** piety under Wu Jian
 11620 | D:11     | Found a portal to a secret trove of treasure.
 11631 | D:11     | Noticed a cyan ugly thing
 11644 | D:11     | Killed a cyan ugly thing
 11790 | D:11     | You fall into a shaft and drop 1 floor!
 11817 | D:12     | Found a staircase to the Orcish Mines.
 12394 | D:11     | Found a runed translucent door.
 12394 | D:11     | Found a shimmering altar of Xom.
 12394 | D:11     | Noticed Cheops's ghost (journeyman TrFi)
 12395 | D:11     | Noticed a +2 flail of chaos
 12606 | D:12     | Noticed a deep elf pyromancer
 12614 | D:12     | Killed a deep elf pyromancer
 12652 | D:12     | Found a transporter.
 12652 | D:12     | Found Cemeumei's General Store.
 12694 | D:12     | Found a transporter.
 12774 | D:12     | Noticed a sixfirhy
 12852 | D:12     | Noticed a boulder beetle
 12872 | D:12     | Reached **** piety under Wu Jian
 12873 | D:12     | Reached XP level 12. HP: 71/119 MP: 11/11
 12875 | D:12     | Killed a boulder beetle
 12876 | D:12     | Reached skill level 15 in Unarmed Combat
 13045 | D:12     | Noticed a boulder beetle
 13052 | D:12     | Killed a boulder beetle
 13442 | D:6      | Bought a scroll of identify for 24 gold pieces
 13442 | D:6      | Bought a scroll of identify for 24 gold pieces
 13442 | D:6      | Bought a scroll of identify for 24 gold pieces
 13442 | D:6      | Bought a scroll of identify for 24 gold pieces
 13442 | D:6      | Bought a scroll of identify for 24 gold pieces
 13442 | D:6      | Bought a scroll of identify for 24 gold pieces
 13453 | D:6      | Bought a potion of heal wounds for 65 gold pieces
 13456 | D:6      | Bought a potion of lignification for 39 gold pieces
 13456 | D:6      | Bought a potion of flight for 39 gold pieces
 13467 | D:6      | Bought a scroll of teleportation for 36 gold pieces
 13467 | D:6      | Bought a scroll of fog for 48 gold pieces
 13989 | D:13     | Noticed a centaur warrior
 14008 | D:13     | Killed a centaur warrior
 14083 | D:13     | Noticed a catoblepas
 14230 | D:13     | Killed a catoblepas
 14262 | D:13     | Noticed a two-headed ogre
 14265 | D:13     | Killed a two-headed ogre
 14408 | D:13     | Found a gate to the Vaults.
 14408 | D:13     | Noticed a centaur warrior
 14408 | D:13     | Noticed a vault guard
 14408 | D:13     | Noticed a vault guard
 14408 | D:13     | Noticed a vault guard
 14408 | D:13     | Noticed a centaur warrior
 14494 | D:13     | Killed a centaur warrior
 14500 | D:13     | Killed a vault guard
 14539 | D:13     | Killed a centaur warrior
 14540 | D:13     | Reached skill level 16 in Unarmed Combat
 14792 | D:13     | Killed a vault guard
 14793 | D:13     | Reached skill level 10 in Shields
 14799 | D:13     | Noticed a two-headed ogre
 14803 | D:13     | Killed a two-headed ogre
 14980 | D:13     | Noticed a vault guard
 14994 | D:13     | Killed a vault guard
 15249 | D:13     | Found a gate to the Vaults.
 15466 | D:13     | Killed a vault guard
 15467 | D:13     | Reached XP level 13. HP: 114/131 MP: 12/12
 15633 | Lair:1   | Entered Level 1 of the Lair of Beasts
 16463 | Lair:1   | Reached ***** piety under Wu Jian
 16675 | Lair:2   | Reached skill level 17 in Unarmed Combat
 17300 | Lair:2   | Found a staircase to the Swamp.
 17848 | Lair:3   | Reached skill level 1 in Transmutations
 18014 | Lair:3   | Found a hole to the Spider Nest.
 18277 | Lair:3   | Identified the +5 falchion "Kiecholi" {protect, rPois rC-
                  | Str+4 Stlth+}
 18570 | Lair:3   | Acquired a manual of Earth Magic
 19024 | Lair:4   | Reached skill level 5 in Transmutations
 19401 | Lair:4   | Reached XP level 14. HP: 141/141 MP: 13/13
 19693 | Lair:5   | Entered Level 5 of the Lair of Beasts
 19783 | Lair:4   | Reached ****** piety under Wu Jian
 19821 | Lair:5   | Reached skill level 1 in Spellcasting
 20023 | Lair:4   | Reached skill level 1 in Armour
 20229 | Lair:5   | Found a staircase to the Slime Pits.
 20847 | Lair:5   | Reached skill level 1 in Evocations
 21059 | Lair:4   | Learned a level 6 spell: Statue Form
 21217 | Lair:5   | Reached skill level 5 in Earth Magic
 21893 | Lair:5   | Found the +3 pair of seven-league boots {Rampage+∞}
 21907 | Lair:5   | Identified the +5 flail of Eternal Vigilance {freeze, Int+3
                  | Dex+3}
 21934 | Lair:5   | Identified the ring "Curunyam" {rF+ rC- rN+ Will+ SInv}
 22052 | Lair:5   | Reached skill level 10 in Earth Magic
 22057 | Lair:5   | Reached XP level 15. HP: 95/149 MP: 18/18
 22920 | Orc:1    | Entered Level 1 of the Orcish Mines
 23049 | Orc:1    | Reached skill level 10 in Fighting
 23289 | Orc:1    | Paralysed by an orc sorcerer for 5 turns
 23572 | Orc:1    | Found Adoppe's Antique Armour Boutique.
 23575 | Orc:1    | Bought a pitted troll leather armour for 700 gold pieces
 23575 | Orc:1    | Identified the +6 troll leather armour of Plasticity
                  | {Regen+ Str+2} (You bought it in a shop on level 1 of the
                  | Orcish Mines)
 23674 | Orc:2    | Entered Level 2 of the Orcish Mines
 23758 | Orc:1    | Learned a level 5 spell: Lee's Rapid Deconstruction
 23898 | Orc:2    | Found a staircase to the Elven Halls.
 24253 | Orc:2    | Found Unaihij's Book Emporium.
 24500 | Orc:2    | Found Nafrerat's Distillery.
 24501 | Orc:2    | Found Xyir Qeru's Jewellery Shop.
 24506 | Orc:2    | Found Loetef's Armour Shop.
 24826 | D:14     | Reached skill level 18 in Unarmed Combat
 27113 | D:15     | Entered Level 15 of the Dungeon
 27250 | D:15     | Identified Roxanne's Volume of Scree
 27250 | D:15     | Noticed Roxanne
 27262 | D:15     | Killed Roxanne
 27466 | D:15     | Found an iron altar of Okawaru.
 27711 | D:15     | Found a staircase to the Depths.
 27711 | D:15     | Noticed a frost giant
 27716 | D:15     | Killed a frost giant
 28407 | D:15     | Found a staircase to the Depths.
 28461 | D:15     | Found an iron altar of Okawaru.
 29645 | D:13     | Found a gate to the Vaults.
 30150 | D:12     | Found a staircase to the Orcish Mines.
 30213 | D:12     | Found a transporter.
 30213 | D:12     | Found Cemeumei's General Store.
 30242 | D:12     | Found a transporter.
 30624 | D:11     | Found a portal to a secret trove of treasure.
 31246 | D:11     | Found a runed translucent door.
 31246 | D:11     | Found a shimmering altar of Xom.
 31443 | D:11     | Killed Cheops's ghost
 31637 | D:10     | Found a white marble altar of Elyvilon.
 31729 | D:10     | Found a staircase to the Lair.
 32340 | D:9      | Found a hazy altar of Hepliaklqana.
 33023 | D:8      | Found a sacrificial altar of Ru.
 33024 | D:8      | Found a blossoming altar of Fedhas.
 33026 | D:8      | Found an ancient bone altar of Kikubaaqudgha.
 33028 | D:8      | Found a radiant altar of Vehumet.
 33029 | D:8      | Found a bloodstained altar of Trog.
 33773 | D:7      | Found a shimmering altar of Xom.
 33776 | D:7      | Found a glowing silver altar of Zin.
 34051 | D:6      | Found a shadowy altar of Dithmenos.
 34069 | D:6      | Found a staircase to the Ecumenical Temple.
 34088 | D:6      | Found Jioloso's Distillery.
 34133 | D:6      | Found Estrej's Magic Scroll Boutique.
 34304 | D:6      | Found Wuydolog's Assorted Antiques.
 35798 | D:3      | Found a sparkling altar of Nemelex Xobeh.
 35854 | D:3      | Found a snail-covered altar of Cheibriados.
 36451 | D:3      | Found a stormy altar of Qazlal.
 36604 | D:3      | Found a burning altar of Makhleb.
 36785 | D:2      | Found Ekheymi's Book Boutique.
 36846 | D:2      | Found Louragg's Book Shop.
 37254 | D:2      | Found Hiumis's Weapon Shoppe.
 37667 | D:1      | Found a faded altar of an unknown god.
 37952 | D:1      | Found Cetzu Xats's Armour Boutique.
 39447 | Lair:2   | Found a staircase to the Swamp.
 40073 | Lair:3   | Found a hole to the Spider Nest.
 41618 | Lair:5   | Found a staircase to the Slime Pits.
 42031 | Spider:1 | Entered Level 1 of the Spider Nest
 42523 | Spider:1 | Reached XP level 16. HP: 136/162 MP: 19/19
 42610 | Spider:1 | Noticed Donald
 42633 | Spider:1 | Killed Donald
 42634 | Spider:1 | Reached skill level 19 in Unarmed Combat
 43030 | Spider:2 | Noticed Arachne
 43040 | Spider:2 | HP: 8/162 [jumping spider (3)]
 43043 | Spider:2 | HP: 3/162 [redback (14)]
 43047 | Spider:2 | Succumbed to a redback's poison

Illustrated notes

Levels and vault maps discovered:
D:1:      erik_arrival_triangle_small, layout_basic,
          ebering_ecumenical_altar_webs, serial_shops, nicolae_shop_waterfront,
          interstate_on_off, kennysheep_flooded_box, moated_statue,
          minmay_misc_feat_more_columns
D:2:      layout_basic, serial_shops, nicolae_shop_back_alley_shop,
          nicolae_shop_crystal, shop, shop_statue, serial_bayou_crossing,
          uniq_crazy_yiuf_cottage, uniq_robin
D:3:      layout_basic, slow_altar_1, lightli_temple_of_fire,
          mainiacjoe_overflow_alcove_4, nemelex_dance_club_becter,
          portal_sewer_entry_c, uniq_natasha
D:4:      minmay_bubble_buster, layout_basic
D:5:      layout_layer_cave
D:6:      layout_basic, mainiacjoe_overflow_catwalk,
          minmay_temple_entry_water_ring, serial_demonic, serial_demonic_f,
          serial_demonic_g, serial_demonic_g, serial_demonic_e,
          serial_demonic_a, serial_shops, shop, shop,
          nicolae_shop_advertising_works [nicolae_subvault_shop_adworks],
          uniq_blork_the_orc
D:7:      layout_loops_cross, grunt_temple_overflow_order_and_chaos_1
D:8:      cheibrodos_quashed, layout_basic, grunt_temple_overflow_open
D:9:      layout_loops_corners, lemuel_coloured_pillars_altar, nzn_random_ring
D:10:     layout_roguey, overflow_temple_1_default,
          grunt_lair_entry_orc_guard_hut, uniq_harold
D:11:     layout_basic, ebering_ghost_xom, enter_trove_2, uniq_lodul
D:12:     layout_gridville, kennysheep_orc_monster_closet_entryway,
          serial_shops, nicolae_shop_drivethru
D:13:     layout_roguey, lightli_vaults_fourway_checkpoint
D:14:     layout_layer_cave, chequers_mini_garden
D:15:     grunt_enter_depths_snipers, layout_basic, okawaru_metal_pillars_1_2,
          uniq_roxanne
Temple:   nicolae_temple_colour_theory
Lair:1:   lemuel_slime, layout_loops_ring, infiniplex_staircase_pool_2
Lair:2:   layout_cave_pods, palyth_hydra_swamp_entry, serial_bayou_ford_a,
          serial_bayou_pond_d
Lair:3:   layout_roguey, hellmonk_spider_entry_life_and_decay,
          roderic_carrion_pond, grunt_megastairs_4
Lair:4:   layout_regular_city, beast_lair_carwin_11
Lair:5:   minmay_lair_end_frog_pond, layout_regular_city, slime_entry_1,
          minmay_hedge_maze, nicolae_lair_time_for_slime, lemuel_fruit_fields
Spider:1: layout_spider_delve, uniq_donald
Spider:2: layout_spider_delve, beargit_elvish_explorers, uniq_arachne
Orc:1:    layout_diamond_mine, serial_shops, nicolae_shop_tiny_real_fake_doors
Orc:2:    st_orc_elflike, layout_diamond_mine

Skill      XL: |  1  2  3  4  5  6  7  8  9 10 11 12 13 14 15 16 |
---------------+-------------------------------------------------+-----
Unarmed Combat | 3 4 5 6 7 8 10 11 13 14 16 17 18 19 | 19.0
Shields        | 3 4 6 7 8 10 11 12 | 12.0
Fighting       | 3 4 5 6 8 9 11 | 11.1
Transmutations | 5 6 |  6.0
Spellcasting   | 2 |  2.9
Armour         | 3 |  3.0
Evocations     | 3 |  3.0
Earth Magic    | 10 11 | 11.0
Dodging        | |  2.4

Action                     |  1- 3 |  4- 6 |  7- 9 | 10-12 | 13-15 | 16-18 || total
---------------------------+-------+-------+-------+-------+-------+-------++-------
  Melee: Unarmed           |   115 |   243 |   253 |   537 |  1368 |    54 ||  2570
         Punch             |       |       |       |       |     2 |       ||     2
   Cast: Sandblast         |       |       |     3 |     5 |     4 |       ||    12
         Blade Hands       |       |       |       |       |     3 |       ||     3
         Passwall          |       |       |       |       |     2 |       ||     2
         Statue Form       |       |       |       |       |     1 |       ||     1
 Invoke: Serpent's Lash    |       |       |       |       |     2 |     1 ||     3
Ability: Lunge             |       |       |    13 |    35 |    62 |     2 ||   112
         Whirlwind         |       |       |       |     8 |    29 |       ||    37
  Evoke: Wand              |       |       |       |     2 |    33 |       ||    35
    Use: Scroll            |       |     7 |     4 |     6 |    22 |     5 ||    44
         Potion            |       |       |       |     3 |     8 |     6 ||    17
   Stab: Sleeping          |       |     1 |     1 |     1 |     7 |       ||    10
         Invisible         |       |       |       |       |     3 |       ||     3
 Armour: Robe              |    36 |    80 |    55 |     7 |     7 |       ||   185
         Troll leather arm |       |       |       |    86 |   277 |    19 ||   382
         Skin              |       |       |       |       |    17 |       ||    17
  Dodge: Dodged            |    49 |    86 |    74 |   102 |   292 |    15 ||   618
  Block: Kite shield       |    42 |    97 |   122 |   325 |   871 |    58 ||  1515
         Reflection        |       |       |     4 |    16 |    18 |       ||    38
         Other             |       |       |       |       |     5 |       ||     5
